| TOP OF THE 1ST |
|
Augusta GreenJackets batting - Pitching for Fort Wayne TinCaps : LHP Juan Perez
|
|
Pitching: LHP Juan Perez
|
|
|
Batting: SHB Zack Barton
|
0-0: Reached on error, E4 (Groundball, 4, EV 88.1 MPH)
|
|
Batting: RHB Jaime Rios
|
0-0: Called Strike 0-1: Called Strike 0-2: Strikes out swinging
|
|
Batting: RHB Billy Pranger
|
0-0: Called Strike 0-1: DOUBLE (Line Drive, 78M, EV 94.4 MPH) Zack Barton to third
|
|
Batting: RHB Dave Perron
|
0-0: Called Strike 0-1: Ground out 3-1 (Groundball, 34, EV 105.0 MPH) Zack Barton scores Billy Pranger to third
|
|
Batting: RHB Josh Truell
|
0-0: Called Strike 0-1: Ball 1-1: Foul Ball, location: 2F 1-2: Foul Ball, location: 2F 1-2: Ball 2-2: Strikes out swinging
|
| Top of the 1st over - 1 run, 1 hit, 1 error, 1 left on base; Augusta 1 - Fort Wayne 0 |
| BOTTOM OF THE 1ST |
|
Fort Wayne TinCaps batting - Pitching for Augusta GreenJackets : RHP Wally Dethridge
|
|
Pitching: RHP Wally Dethridge
|
|
|
Batting: RHB Adrian Cook
|
0-0: DOUBLE (Line Drive, 89M, EV 104.4 MPH)
|
|
Batting: RHB Marcus Dawson
|
0-0: 2-RUN HOME RUN (Flyball, 78XD, EV 100.6 MPH), Distance : 396 ft
|
|
Batting: LHB Chad Cutler
|
0-0: DOUBLE (Flyball, 8LXD, EV 103.8 MPH)
|
|
Batting: LHB Sean Trueblood
|
0-0: Called Strike 0-1: Ball 1-1: 2-RUN HOME RUN (Flyball, 89XD, EV 104.4 MPH), Distance : 409 ft
|
|
Batting: LHB Justin Alworth
|
0-0: Ball 1-0: Swinging Strike 1-1: Foul Ball, location: 2F 1-2: Foul Ball, location: 2F 1-2: Ball 2-2: Strikes out swinging
|
|
Batting: RHB Brian Klinkner
|
0-0: Called Strike 0-1: Ball 1-1: Ball 2-1: Ball 3-1: Base on Balls
|
|
Batting: SHB Cesar Arteaga
|
0-0: Fielders Choice at 2nd, 3-6 (Groundball, 3, EV 84.4 MPH)
|
|
Batting: RHB Danny Gallegos
|
0-0: Ball 1-0: Ball 2-0: Foul Ball, location: 2F 2-1: Foul Ball, location: 2F 2-2: Foul Ball, location: 2F 2-2: Foul Ball, location: 2F 2-2: Ball 3-2: Base on Balls Cesar Arteaga to second
|
|
Batting: RHB Ricky Trejo
|
0-0: Called Strike 0-1: Called Strike 0-2: Ball 1-2: Fly out, F9 (Line Drive, 9D, EV 92.5 MPH)
|
| Bottom of the 1st over - 4 runs, 4 hits, 0 errors, 2 left on base; Augusta 1 - Fort Wayne 4 |
| TOP OF THE 2ND |
|
Augusta GreenJackets batting - Pitching for Fort Wayne TinCaps : LHP Juan Perez
|
|
Batting: RHB Ryan Roberts
|
0-0: Ball 1-0: Ball 2-0: Ball 3-0: Called Strike 3-1: Base on Balls
|
|
Batting: RHB Tony Harper
|
0-0: Called Strike 0-1: Grounds into double play, 5-4-3 (Groundball, 56S, EV 87.5 MPH)
|
|
Batting: RHB Vinny Torres
|
0-0: Fly out, F6 (Popup, P, EV 78.1 MPH)
|
| Top of the 2nd over - 0 runs, 0 hits, 0 errors, 0 left on base; Augusta 1 - Fort Wayne 4 |
| BOTTOM OF THE 2ND |
|
Fort Wayne TinCaps batting - Pitching for Augusta GreenJackets : RHP Wally Dethridge
|
|
Batting: RHB Adrian Cook
|
0-0: Ball 1-0: Foul Ball, location: 2F 1-1: Ground out 5-3 (Groundball, 56, EV 101.9 MPH)
|
|
Batting: RHB Marcus Dawson
|
0-0: Ball 1-0: Called Strike 1-1: Ball 2-1: Fly out, F8 (Line Drive, 8LM, EV 88.1 MPH)
|
|
Batting: LHB Chad Cutler
|
0-0: Ball 1-0: Fly out, F7 (Flyball, 7D, EV 93.1 MPH)
|
| Bottom of the 2nd over - 0 runs, 0 hits, 0 errors, 0 left on base; Augusta 1 - Fort Wayne 4 |
| TOP OF THE 3RD |
|
Augusta GreenJackets batting - Pitching for Fort Wayne TinCaps : LHP Juan Perez
|
|
Batting: LHB Shane Cruse
|
0-0: Called Strike 0-1: Foul Ball, location: 2F 0-2: Foul Ball, location: 2F 0-2: Strikes out looking
|
|
Batting: SHB Zack Barton
|
0-0: Fly out, F9 (Flyball, 89S, EV 82.5 MPH)
|
|
Batting: RHB Jaime Rios
|
0-0: Called Strike 0-1: Ground out 4-3 (Groundball, 34, EV 106.9 MPH)
|
| Top of the 3rd over - 0 runs, 0 hits, 0 errors, 0 left on base; Augusta 1 - Fort Wayne 4 |
| BOTTOM OF THE 3RD |
|
Fort Wayne TinCaps batting - Pitching for Augusta GreenJackets : RHP Wally Dethridge
|
|
Batting: LHB Sean Trueblood
|
0-0: Ball 1-0: Ball 2-0: Foul Ball, location: 2F 2-1: DOUBLE (Flyball, 7LD, EV 108.1 MPH)
|
|
Batting: LHB Justin Alworth
|
0-0: Fly out, F8 (Flyball, 8RD, EV 78.1 MPH)
|
|
Batting: RHB Brian Klinkner
|
0-0: Ball 1-0: Ball 2-0: Fly out, F9 (Line Drive, 89M, EV 103.1 MPH)
|
|
Batting: SHB Cesar Arteaga
|
0-0: Ball 1-0: Foul Ball, location: 2F 1-1: Ground out 4-3 (Groundball, 4, EV 91.9 MPH)
|
| Bottom of the 3rd over - 0 runs, 1 hit, 0 errors, 1 left on base; Augusta 1 - Fort Wayne 4 |
| TOP OF THE 4TH |
|
Augusta GreenJackets batting - Pitching for Fort Wayne TinCaps : LHP Juan Perez
|
|
Batting: RHB Billy Pranger
|
0-0: Called Strike 0-1: Foul Ball, location: 2F 0-2: Ball 1-2: Ball 2-2: Strikes out looking
|
|
Batting: RHB Dave Perron
|
0-0: SINGLE (Line Drive, 8LS, EV 99.4 MPH)
|
|
Batting: RHB Josh Truell
|
0-0: Called Strike 0-1: Called Strike 0-2: Ball 1-2: Strikes out swinging
|
|
Batting: RHB Ryan Roberts
|
0-0: Called Strike 0-1: Ball 1-1: Foul Ball, location: 2F 1-2: Ball 2-2: Strikes out swinging
|
| Top of the 4th over - 0 runs, 1 hit, 0 errors, 1 left on base; Augusta 1 - Fort Wayne 4 |
| BOTTOM OF THE 4TH |
|
Fort Wayne TinCaps batting - Pitching for Augusta GreenJackets : RHP Wally Dethridge
|
|
Batting: RHB Danny Gallegos
|
0-0: Ball 1-0: Ball 2-0: SINGLE (Groundball, 6M, EV 101.9 MPH) (infield hit)
|
|
Batting: RHB Ricky Trejo
|
0-0: Called Strike 0-1: Ball 1-1: Fly out, F8 (Flyball, 8LM, EV 76.9 MPH)
|
|
Batting: RHB Adrian Cook
|
0-0: Fielders Choice at 2nd, 1-6 (Groundball, 13S, EV 73.1 MPH)
|
|
Batting: RHB Marcus Dawson
|
0-0: Called Strike 0-1: Ball 1-1: Swinging Strike 1-2: Strikes out swinging
|
| Bottom of the 4th over - 0 runs, 1 hit, 0 errors, 1 left on base; Augusta 1 - Fort Wayne 4 |
| TOP OF THE 5TH |
|
Augusta GreenJackets batting - Pitching for Fort Wayne TinCaps : LHP Juan Perez
|
|
Batting: RHB Tony Harper
|
0-0: Called Strike 0-1: Fly out, F8 (Flyball, 8RD, EV 100.0 MPH)
|
|
Batting: RHB Vinny Torres
|
0-0: Ball 1-0: Called Strike 1-1: SINGLE (Groundball, 34D, EV 96.9 MPH)
|
|
Batting: LHB Shane Cruse
|
0-0: Ball 1-0: Fly out, F7 (Flyball, 78M, EV 98.1 MPH)
|
|
Batting: SHB Zack Barton
|
0-0: Ball Vinny Torres steals 2nd base 1-0: Ball 2-0: DOUBLE (Line Drive, 9LM, EV 107.5 MPH) Vinny Torres scores
|
|
Pinch Runner at 2nd Malik Sharpless:
|
|
|
Batting: RHB Jaime Rios
|
0-0: Foul Ball, location: 2F 0-1: Ball 1-1: Foul Ball, location: 2F 1-2: Foul Ball, location: 2F 1-2: Ball 2-2: Ball 3-2: Strikes out looking
|
| Top of the 5th over - 1 run, 2 hits, 0 errors, 1 left on base; Augusta 2 - Fort Wayne 4 |
| BOTTOM OF THE 5TH |
|
Fort Wayne TinCaps batting - Pitching for Augusta GreenJackets : RHP Wally Dethridge
|
|
Now in LF: Malik Sharpless
|
|
|
Now in CF: Vinny Torres
|
|
|
Batting: LHB Chad Cutler
|
0-0: Ball 1-0: Foul Ball, location: 2F 1-1: Ball 2-1: Ground out 1-3 (Groundball, P, EV 70.6 MPH)
|
|
Batting: LHB Sean Trueblood
|
0-0: Ground out 6-3 (Groundball, 6, EV 85.6 MPH)
|
|
Batting: LHB Justin Alworth
|
0-0: Foul Ball, location: 2F 0-1: Ground out 4-3 (Groundball, 4M, EV 100.6 MPH)
|
| Bottom of the 5th over - 0 runs, 0 hits, 0 errors, 0 left on base; Augusta 2 - Fort Wayne 4 |
| TOP OF THE 6TH |
|
Augusta GreenJackets batting - Pitching for Fort Wayne TinCaps : LHP Juan Perez
|
|
Batting: RHB Billy Pranger
|
0-0: Ball 1-0: Ball 2-0: Foul Ball, location: 2F 2-1: Swinging Strike 2-2: Ball 3-2: Base on Balls
|
|
Batting: RHB Dave Perron
|
0-0: Called Strike 0-1: Foul Ball, location: 2F 0-2: SINGLE (Flyball, 5D, EV 89.4 MPH) Billy Pranger to second
|
|
Batting: RHB Josh Truell
|
0-0: Called Strike 0-1: Called Strike 0-2: Grounds into double play, 6-4-3 (Groundball, 6, EV 86.9 MPH) Billy Pranger to third
|
|
Batting: RHB Ryan Roberts
|
0-0: Fly out, F3 (Popup, 3SF, EV 80.0 MPH)
|
| Top of the 6th over - 0 runs, 1 hit, 0 errors, 1 left on base; Augusta 2 - Fort Wayne 4 |
| BOTTOM OF THE 6TH |
|
Fort Wayne TinCaps batting - Pitching for Augusta GreenJackets : RHP Wally Dethridge
|
|
Batting: RHB Brian Klinkner
|
0-0: SINGLE (Groundball, 56D, EV 97.5 MPH)
|
|
Batting: SHB Cesar Arteaga
|
0-0: Ball 1-0: Called Strike 1-1: Ball 2-1: Ball 3-1: Reached on error, E3 (Groundball, 34S, EV 88.1 MPH) Brian Klinkner to second
|
|
Batting: RHB Danny Gallegos
|
0-0: Called Strike 0-1: Swinging Strike 0-2: Foul Ball, location: 2F 0-2: Foul Ball, location: 2F 0-2: Ball 1-2: Ball 2-2: Ball 3-2: Fielders Choice at 2nd, 4-6 (Groundball, 4, EV 100.6 MPH) Brian Klinkner to third
|
|
Pitching: RHP Kyle Rindels
|
|
|
Batting: RHB Ricky Trejo
|
0-0: Called Strike 0-1: Called Strike 0-2: Ball 1-2: Ball 2-2: TRIPLE (Flyball, 89XD, EV 103.1 MPH) Brian Klinkner scores Danny Gallegos scores
|
|
Batting: RHB Adrian Cook
|
0-0: Ball 1-0: Foul Ball, location: 2F 1-1: Swinging Strike 1-2: Ball 2-2: Strikes out swinging
|
|
Batting: RHB Marcus Dawson
|
0-0: Ball 1-0: Ball 2-0: Called Strike 2-1: Ball 3-1: Called Strike 3-2: Base on Balls
|
|
Batting: LHB Chad Cutler
|
0-0: Called Strike 0-1: Ball 1-1: Foul Ball, location: 2F 1-2: Foul Ball, location: 2F 1-2: Hit by Pitch Marcus Dawson to second
|
|
Batting: LHB Sean Trueblood
|
0-0: Ball 1-0: Fly out, F5 (Popup, 56S, EV 85.6 MPH)
|
| Bottom of the 6th over - 2 runs, 2 hits, 1 error, 3 left on base; Augusta 2 - Fort Wayne 6 |
| TOP OF THE 7TH |
|
Augusta GreenJackets batting - Pitching for Fort Wayne TinCaps : LHP Juan Perez
|
|
Batting: RHB Tony Harper
|
0-0: Ground out 5-3 (Groundball, 56S, EV 63.8 MPH)
|
|
Batting: RHB Vinny Torres
|
0-0: Ball 1-0: Ball 2-0: SINGLE (Groundball, 34D, EV 105.0 MPH)
|
|
Batting: LHB Shane Cruse
|
0-0: Ball Passed Ball! Vinny Torres to second 1-0: Swinging Strike 1-1: Ball 2-1: Ball 3-1: Ground out 6-3 (Groundball, 6, EV 91.9 MPH) Vinny Torres to third
|
|
Batting: RHB Malik Sharpless
|
0-0: Ball 1-0: Ball 2-0: Called Strike 2-1: Foul Ball, location: 2F 2-2: Foul Ball, location: 2F 2-2: Foul Ball, location: 2F 2-2: Foul Ball, location: 2F 2-2: Ground out 4-3 (Groundball, 34D, EV 99.4 MPH)
|
| Top of the 7th over - 0 runs, 1 hit, 0 errors, 1 left on base; Augusta 2 - Fort Wayne 6 |
| BOTTOM OF THE 7TH |
|
Fort Wayne TinCaps batting - Pitching for Augusta GreenJackets : RHP Kyle Rindels
|
|
Pitching: RHP Kevin Spencer
|
|
|
Batting: LHB Justin Alworth
|
0-0: Ball 1-0: Foul Ball, location: 2F 1-1: Ball 2-1: Ball 3-1: Base on Balls
|
|
Batting: RHB Brian Klinkner
|
0-0: Ball 1-0: Swinging Strike 1-1: Ball 2-1: Swinging Strike 2-2: SINGLE (Groundball, 4D, EV 103.1 MPH) Justin Alworth to second Runner from 2nd tries for 3rd, SAFE, no throw by CF
|
|
Batting: SHB Cesar Arteaga
|
0-0: Ball 1-0: Ball 2-0: Called Strike 2-1: Ball 3-1: Fielders Choice at 2nd, 4-6 (Groundball, 34, EV 103.1 MPH) Justin Alworth scores
|
|
Batting: RHB Danny Gallegos
|
0-0: Called Strike 0-1: Called Strike 0-2: Ball 1-2: SINGLE (Groundball, 56S, EV 65.0 MPH) (infield hit) Cesar Arteaga to second
|
|
Pitching: RHP Eddie Ramirez
|
|
|
Batting: RHB Ricky Trejo
|
0-0: Called Strike 0-1: Ball 1-1: Called Strike 1-2: Ball 2-2: Foul Ball, location: 2F 2-2: Ball 3-2: Ground out 6-3 (Groundball, P, EV 90.6 MPH) Cesar Arteaga to third Danny Gallegos to second
|
|
Batting: RHB Adrian Cook
|
0-0: Foul Ball, location: 2F 0-1: Swinging Strike 0-2: Ball 1-2: Ball 2-2: Foul Ball, location: 2F 2-2: Ball 3-2: Strikes out looking
|
| Bottom of the 7th over - 1 run, 2 hits, 0 errors, 2 left on base; Augusta 2 - Fort Wayne 7 |
| TOP OF THE 8TH |
|
Augusta GreenJackets batting - Pitching for Fort Wayne TinCaps : LHP Juan Perez
|
|
Batting: RHB Jaime Rios
|
0-0: Ball 1-0: Swinging Strike 1-1: Called Strike 1-2: Foul Ball, location: 2F 1-2: Ball 2-2: Strikes out looking
|
|
Pitching: RHP Juan Isidro
|
|
|
Batting: RHB Billy Pranger
|
0-0: Hit by Pitch
|
|
Batting: RHB Dave Perron
|
0-0: Foul Ball, location: 2F 0-1: Ball 1-1: Foul Ball, location: 2F 1-2: Strikes out swinging
|
|
Batting: RHB Josh Truell
|
0-0: Called Strike 0-1: Foul Ball, location: 2F 0-2: Ball 1-2: Ball 2-2: Strikes out swinging
|
| Top of the 8th over - 0 runs, 0 hits, 0 errors, 1 left on base; Augusta 2 - Fort Wayne 7 |
| BOTTOM OF THE 8TH |
|
Fort Wayne TinCaps batting - Pitching for Augusta GreenJackets : RHP Eddie Ramirez
|
|
Batting: RHB Marcus Dawson
|
0-0: Ball 1-0: Ball 2-0: Called Strike 2-1: Foul Ball, location: 2F 2-2: Ball 3-2: Base on Balls
|
|
Batting: LHB Chad Cutler
|
0-0: Ball 1-0: Called Strike 1-1: Fly out, F8 (Flyball, 8LM, EV 88.1 MPH)
|
|
Batting: LHB Sean Trueblood
|
0-0: Ball 1-0: Ball 2-0: Ball 3-0: Base on Balls Marcus Dawson to second
|
|
Batting: LHB Justin Alworth
|
0-0: Called Strike 0-1: Ball 1-1: Fly out, F7 (Flyball, 78D, EV 80.6 MPH)
|
|
Pitching: RHP Mike Flynn
|
|
|
Batting: RHB Brian Klinkner
|
0-0: Called Strike 0-1: Swinging Strike 0-2: Ball 1-2: Ball 2-2: Ball 3-2: SINGLE (Line Drive, 9S, EV 95.6 MPH) Marcus Dawson to third Sean Trueblood to second Marcus Dawson scores Sean Trueblood to third
|
|
Batting: SHB Cesar Arteaga
|
0-0: SINGLE (Line Drive, 3D, EV 97.5 MPH) Sean Trueblood scores Brian Klinkner to second
|
|
Batting: RHB Danny Gallegos
|
0-0: Foul Ball, location: 2F 0-1: Ball 1-1: Swinging Strike 1-2: Strikes out looking
|
| Bottom of the 8th over - 2 runs, 2 hits, 0 errors, 2 left on base; Augusta 2 - Fort Wayne 9 |
| TOP OF THE 9TH |
|
Augusta GreenJackets batting - Pitching for Fort Wayne TinCaps : RHP Juan Isidro
|
|
Batting: RHB Ryan Roberts
|
0-0: Called Strike 0-1: Fly out, F6 (Popup, P, EV 79.4 MPH)
|
|
Pinch Hitting: LHB Adam Oldfield
|
0-0: Ground out 4-3 (Groundball, 4, EV 106.2 MPH)
|
|
Batting: RHB Vinny Torres
|
0-0: Called Strike 0-1: Ball 1-1: Ball 2-1: Swinging Strike 2-2: Strikes out swinging
|
| Top of the 9th over - 0 runs, 0 hits, 0 errors, 0 left on base; Augusta 2 - Fort Wayne 9 |
|